 Dungeon Crawl Stone Soup version 0.26-a0-683-g5206c1d7ac (webtiles) character file.

Game seed: 11121959666705199848

3518 Notrik the Fighter (level 10, 0/90 HPs)
             Began as a Barachi Berserker on Oct 22, 2020.
             Was an Elder of Trog.
             Slain by a wolf (1 damage)
             ... led by Grum
             ... on level 8 of the Dungeon.
             The game lasted 00:16:44 (9478 turns).

Notrik the Fighter (Barachi Berserker)              Turns: 9478, Time: 00:16:45

Health: 0/90       AC: 19    Str: 22    XL:     10   Next: 8%
Magic:  19/19      EV:  9    Int: 14    God:    Trog [****..]
Gold:   320        SH:  0    Dex: 11    Spells: 9/9 levels left

rFire    . . .     SeeInvis .   a - +1 falchion
rCold    . . .     Faith    .   (no shield)
rNeg     . . .     Spirit   .   G - +5 chain mail "Xeet" {MP+9 Stlth+}
rPois    .         Reflect  .   (no helmet)
rElec    .         Harm     .   h - +0 cloak
rCorr    .         Rampage  .   k - +1 pair of gloves
MR       ++...                  y - +0 pair of boots
Stlth    ..........             (no amulet)
HPRegen  1.25/turn              b - +6 ring of intelligence
MPRegen  0.16/turn              v - ring of flight

@: berserk cooldown, regenerating (expiring), slowed, very slow
A: +LOS, swims, slowness 1, strong legs 1
a: Hop, Berserk, Trog's Hand, Brothers in Arms, Renounce Religion, Evoke Flight


You were on level 8 of the Dungeon.
You worshipped Trog.
Trog was greatly pleased with you.
You visited 1 branch of the dungeon, and saw 8 of its levels.
You also visited: Sewer and Ossuary.

You collected 320 gold pieces.

Inventory:

Hand Weapons
 a - a +1 falchion (weapon)
Armour
 h - a +0 cloak (worn)
   (You found it on level 1 of the Dungeon)
 k - a +1 pair of gloves (worn)
   (You found it on level 3 of the Dungeon)
 y - a +0 pair of boots (worn)
   (You found it on level 5 of the Dungeon)
 G - the +5 chain mail "Xeet" (worn) {MP+9 Stlth+}
   (You found it on level 6 of the Dungeon)

   It affects your magic capacity (+9).
   It makes you more stealthy.
Jewellery
 b - a +6 ring of intelligence (left hand)
   (You found it on level 1 of the Dungeon)
 v - a ring of flight (right hand)
   (You found it on level 5 of the Dungeon)
Wands
 c - a wand of disintegration (9)
   (You took it off Pikel on level 6 of the Dungeon)
 q - a wand of polymorph (1)
   (You took it off Grinder in a sewer)
Scrolls
 d - a scroll of amnesia {unknown}
 f - a scroll of enchant armour
 j - 3 scrolls of enchant weapon
 l - 6 scrolls of remove curse {@r2}
 m - 9 scrolls of identify {@r1}
 n - a scroll of magic mapping
 t - a scroll of acquirement {unknown}
 w - 2 scrolls of teleportation {@r4}
 A - a scroll of summoning {unknown}
 D - 2 scrolls of immolation {unknown}
 F - a scroll of torment {unknown}
 H - a scroll of fear
Potions
 e - 4 potions of degeneration {!q}
 g - 3 potions of lignification {unknown}
 o - 3 potions of curing {@q1}
 p - 3 potions of might {unknown}
 r - 2 potions of flight {unknown}
 s - 2 potions of haste {unknown}
 u - a potion of stabbing {unknown}
 x - a potion of invisibility
 z - a potion of mutation {unknown}
 B - 2 potions of magic {unknown}
 C - a potion of brilliance {unknown}
 E - a potion of resistance {unknown}
Miscellaneous
 i - a phantom mirror
   (You found it in a sewer)


   Skills:
 * Level 12.4 Fighting
 + Level 9.4 Long Blades
 + Level 5.9 Armour
 - Level 2.1 Dodging
 + Level 4.6 Evocations


You had 9 spell levels left.
You didn't know any spells.
Your spell library was empty.

Dungeon Overview and Level Annotations

Branches:
Dungeon (9/15)             Temple (0/1) D:4             Orc (0/2) D:9
  Sewer (visited)         Ossuary (visited)
   Lair: D:8-11

Altars:
Fedhas
The Shining One

Annotations:
D:8 Grum


Innate Abilities, Weirdness & Mutations

You can be seen from farther away. (+LOS)
You can swim through water.
You cover ground slowly.
You can hop short distances.


Message History

* * * LOW HITPOINT WARNING * * *
The wolf bites you but does no damage.
You barely miss the wolf. Something hits you.
* * * LOW HITPOINT WARNING * * *
The bullfrog barely misses you.
You miss the wolf. The wolf barely misses you.
You closely miss the wolf. The bullfrog barely misses you.
The wolf bites you but does no damage. Something hits you.
* * * LOW HITPOINT WARNING * * *
Your chain mail "Xeet" prevents you from hitting the wolf.
The wolf barely misses you.
You riposte.
You miss the wolf. The bullfrog barely misses you.
You miss the wolf. The wolf closely misses you.
You riposte.
You closely miss the wolf. The bullfrog barely misses you.
You riposte.
You slash the bullfrog! Something hits you!
* * * LOW HITPOINT WARNING * * *
You miss the wolf. The wolf barely misses you.
You closely miss the wolf.
The bullfrog hits you but does no damage.
The wolf bites you but does no damage.
You slash the wolf!
The bullfrog hits you but does no damage.
Something hits you but does no damage. The wolf bites you but does no damage.
You slash the wolf!
You are no longer berserk.
You are exhausted.
You feel yourself slow down. The bullfrog closely misses you.
The wolf bites you.
* * * LOW HITPOINT WARNING * * *
You hit the wolf. The bullfrog closely misses you.
You riposte.
You slash the bullfrog! The wolf bites you.
* * * LOW HITPOINT WARNING * * *
Something hits you!
* * * LOW HITPOINT WARNING * * *
The bullfrog hits you but does no damage.
The wolf bites you.
* * * LOW HITPOINT WARNING * * *
Okay, then.
You feel better.
You feel the effects of Trog's Hand fading.
The wolf bites you but does no damage. The bullfrog barely misses you.
You riposte.
You closely miss the bullfrog. Something hits you!
* * * LOW HITPOINT WARNING * * *
The wolf bites you.
You die...

.... .... ####..#
#..#..####
.......g ......
#...#
##..###.))###..##
#......>@†.......
#......F.h....<..
##...##.{..##....
#.## #....# .. #
.....# ......#
....... ..#....##
##.###+##


You could see a wolf and a bullfrog.

Vanquished Creatures
  Pikel (D:6)
  Grinder (Sewer)
  Sigmund (D:6)
  A wyvern (D:9)
  An ice beast (D:5)
  A black bear (D:6)
  An orc warrior (D:9)
  A centaur (D:6)
  3 wolves (D:8)
  2 big kobolds (Sewer)
  A bullfrog (D:5)
  6 scorpions (Ossuary)
  5 wights
  A howler monkey (D:4)
  A bullfrog zombie (D:5)
  A human zombie (Ossuary)
  A quasit (Sewer)
  2 centaur zombies (Ossuary)
  A hound (D:5)
  A jelly (D:6)
  5 orc priests
  A gnoll shaman (D:8)
  2 centaur skeletons
  An iguana (D:6)
  6 orc wizards
  Jessica (D:2)
  3 worker ants
  3 big kobold zombies
  3 mummies (Ossuary)
  A hound skeleton (D:3)
  3 gnolls (D:8)
  5 adders
  2 scorpion zombies (Ossuary)
  5 shadow imps (Sewer)
  A white imp (D:6)
  An ufetubus (Sewer)
  2 oozes
  An adder skeleton (D:4)
  4 worms
  2 dart slugs
  7 leopard geckos
  21 orcs
  8 giant cockroaches
  12 goblins
  5 hobgoblins
  5 jackals
  25 kobolds
  2 quokkas (D:2)
  5 ball pythons
  7 bats
  6 frilled lizards
  4 gnoll zombies (Ossuary)
  2 goblin zombies (Ossuary)
  A hobgoblin zombie (Ossuary)
  4 kobold zombies (Ossuary)
  A leopard gecko skeleton (D:5)
  A leopard gecko zombie (D:5)
  3 orc zombies (Ossuary)
  A quokka skeleton (D:5)
  7 rats
212 creatures vanquished.

Vanquished Creatures (collateral kills)
  Prince Ribbit (D:5)
  A worker ant (D:9)
  A quokka (D:9)
3 creatures vanquished.

Vanquished Creatures (others)
  An adder zombie (Sewer)
  An orc zombie (Ossuary)
  3 fungi (D:8)
  A plant (D:8)
6 creatures vanquished.

Grand Total: 221 creatures vanquished

Notes
Turn   | Place    | Note
-------+----------+-------------------------------------------
     0 | D:1      | Notrik the Barachi Berserker began the quest for the Orb.
     0 | D:1      | Reached XP level 1. HP: 18/18 MP: 1/1
   276 | D:1      | Reached skill level 4 in Fighting
   281 | D:1      | Reached XP level 2. HP: 19/25 MP: 2/2
   874 | D:2      | Reached XP level 3. HP: 16/31 MP: 3/3
  1543 | D:2      | Reached skill level 5 in Fighting
  1652 | D:2      | Reached XP level 4. HP: 20/39 MP: 4/4
  1657 | D:2      | Reached ** piety under Trog
  2106 | D:2      | Noticed Jessica
  2116 | D:2      | Killed Jessica
  2270 | D:2      | Found a faded altar of an unknown god.
  2437 | D:2      | Found a blossoming altar of Fedhas.
  2724 | D:3      | Reached skill level 6 in Fighting
  2724 | D:3      | Reached XP level 5. HP: 36/46 MP: 5/5
  2729 | D:3      | Reached skill level 5 in Long Blades
  2736 | D:3      | HP: 2/47 [hobgoblin/+0 club (1)]
  3062 | D:3      | Reached XP level 6. HP: 53/53 MP: 6/6
  3093 | D:3      | Reached skill level 7 in Fighting
  3347 | D:3      | Reached *** piety under Trog
  4799 | D:4      | Reached XP level 7. HP: 52/61 MP: 7/7
  4938 | D:4      | Found a staircase to the Ecumenical Temple.
  4999 | D:4      | Found a glowing golden altar of the Shining One.
  5132 | D:5      | Entered Level 5 of the Dungeon
  5147 | D:5      | Reached skill level 8 in Fighting
  5232 | D:5      | Found a glowing drain.
  5252 | Sewer    | Entered a sewer
  5497 | Sewer    | Found a burning altar of Makhleb.
  5556 | Sewer    | Reached skill level 9 in Fighting
  5781 | Sewer    | Noticed Grinder
  5784 | Sewer    | Paralysed by Grinder for 2 turns
  5803 | Sewer    | Killed Grinder
  5803 | Sewer    | Reached XP level 8. HP: 72/72 MP: 8/8
  5967 | D:5      | Reached **** piety under Trog
  5967 | D:5      | Reached skill level 10 in Fighting
  6026 | D:5      | Noticed Prince Ribbit
  6037 | D:5      | Killed Prince Ribbit
  6305 | D:5      | Reached skill level 1 in Evocations
  6949 | D:6      | Reached XP level 9. HP: 16/79 MP: 9/9
  7261 | D:6      | Found a sand-covered staircase.
  7266 | Ossuary  | Entered an ossuary
  7282 | Ossuary  | Reached skill level 11 in Fighting
  8404 | D:6      | Got a glimmering chain mail
  8415 | D:6      | Identified the +5 chain mail "Xeet" {MP+9 Stlth+} (You
                  | found it on level 6 of the Dungeon)
  8867 | D:6      | Noticed Sigmund
  8867 | D:6      | Noticed Pikel
  8889 | D:6      | Killed Pikel
  8889 | D:6      | Reached skill level 5 in Armour
  8905 | D:6      | Killed Sigmund
  8905 | D:6      | Reached skill level 12 in Fighting
  9109 | D:6      | You fall into a shaft and drop 3 floors!
  9210 | D:9      | Found a staircase to the Orcish Mines.
  9445 | D:8      | Noticed Grum
  9451 | D:8      | Reached XP level 10. HP: 89/89 MP: 10/10
  9478 | D:8      | HP: 1/90 [something (15)]
  9478 | D:8      | Slain by a wolf

Illustrated notes

Levels and vault maps discovered:
D:1:      dpeg_arrival_round_a, layout_basic
D:2:      layout_basic, marbit_many_paths, chequers_ecumenical_altar_island,
          uniq_jessica
D:3:      layout_basic
D:4:      minmay_door_path, layout_cave_pools, minmay_temple_entry_hall,
          nicolae_tso_swordbearing_angel
D:5:      layout_loops_ring, gup_sewer_entry_pipe, uniq_prince_ribbit1
D:6:      layout_cave_pools, serial_column_ruins, column_ruins_circle_medium,
          column_ruins_hut, column_ruins_grid_1, column_ruins_corridor_dead_end,
          column_ruins_columns_straight, column_ruins_open_tiny,
          column_ruins_grid_1, column_ruins_open_tiny,
          column_ruins_corridor_straight, enter_ossuary_5, uniq_sigmund,
          uniq_grinder, uniq_pikel, uniq_menkaure
D:8:      layout_gridville, grunt_lair_entry_orc_guard_hut, enter_bailey_2,
          minmay_diced_spiral, uniq_grum
D:9:      layout_rooms, chequers_temple_overflow_statue_of_worship, orc_0_dummy,
          xom_shifter_show

Skill      XL: |  1  2  3  4  5  6  7  8  9 |
---------------+----------------------------+-----
Fighting       | 4 5 6 7 9 10 12 | 12.4
Long Blades    | 4 5 6 7 8 9 |  9.4
Evocations     | 2 4 |  4.6
Armour         | 3 5 |  5.9
Dodging        | |  2.1

Action                   |  1- 3 |  4- 6 |  7- 9 | 10-12 || total
-------------------------+-------+-------+-------+-------++-------
Melee: Falchion          |   109 |   188 |   591 |    26 ||   914
Invok: Berserk           |       |     3 |    10 |       ||    13
       Trog's Hand       |       |       |     3 |       ||     3
       Brothers in Arms  |       |       |     2 |       ||     2
 Abil: Hop               |       |     1 |       |       ||     1
  Use: Potion            |       |     1 |       |     1 ||     2
       Scroll            |       |       |     8 |       ||     8
Armor: Animal skin       |    17 |       |       |       ||    17
       Ring mail         |    10 |    55 |       |       ||    65
       Chain mail        |       |    82 |   436 |    36 ||   554
Dodge: Dodged            |    77 |    94 |   260 |    35 ||   466
       Rpst.: Falchion   |    25 |    27 |    78 |    11 ||   141

Table legend: (Time is in decaauts)
 A = Elapsed time spent in this place.
 B = Non-inter-level travel time spent in this place.
 C = Inter-level travel time spent in this place.
 D = Time resting spent in this place.
 E = Time spent auto-exploring this place.
 F = Levels seen in this place.
 G = Mean time per level.
                   A        B        C        D        E       F      G
               +--------+--------+--------+--------+--------+-----+--------+
         Total |  10217 |   9925 |    292 |   2875 |   5314 |  10 | 1021.7 |
       Dungeon |   8398 |   8106 |    292 |   2377 |   4476 |   8 | 1049.8 |
         Sewer |    674 |    674 |      0 |     35 |    453 |   1 |  674.0 |
       Ossuary |   1144 |   1144 |      0 |    461 |    384 |   1 | 1144.0 |
               +--------+--------+--------+--------+--------+-----+--------+

Top non-repeatable levels by time:
     D:2: 1795 daAuts
     D:3: 1631 daAuts
     D:4: 1298 daAuts
     D:5: 1245 daAuts
 Ossuary: 1144 daAuts
     D:6: 1137 daAuts
     D:1: 913 daAuts
   Sewer: 674 daAuts
     D:9: 347 daAuts
     D:8: 28 daAuts
